 Dungeon Crawl Stone Soup version 0.31-a0-435-g2c6fae2916 (webtiles) character file.

Game seed: 11598302413561566995

86 spiderkeys the Ruffian (level 4, -10/29 HPs)
             Began as an Octopode Shapeshifter on Aug 1, 2023.
             Mangled by an iguana (14 damage)
             ... on level 3 of the Dungeon.
             The game lasted 00:01:43 (2052 turns).

spiderkeys the Ruffian (Octopode Shapeshifter)      Turns: 2052, Time: 00:01:44

Health: -10/29     AC:  1    Str: 16    XL:     4   Next: 50%
Magic:  4/4        EV: 13    Int: 10    God:
Gold:   117        SH:  0    Dex: 12    Spells: 3/3 levels left

rFire   . .          .
                       - Unarmed
rCold   . . .        (no shield)
rNeg    . . .        (helmet currently unavailable)
rPois   .            (no amulet)
rElec   .            (no ring)
rCorr   .            (no ring)
SInv    .            (no ring)
Will    .....        (no ring)
Stlth   ++           (no ring)
HPRegen 0.24/turn    (no ring)
MPRegen 0.09/turn    (no ring)
                     (no ring)

%: no passive effects
@: beast-form
A: beast (slay +2), almost no armour, amphibious, 8 rings, camouflage 1,
gelatinous body 1, (nimble swimmer 1), tentacles
a: Begin Untransformation


You were on level 3 of the Dungeon.
You were a hulking beast.
You visited 1 branch of the dungeon, and saw 3 of its levels.

You collected 117 gold pieces.


Innate Abilities, Weirdness & Mutations

You are a hulking beast.
Your limbs bulge with bestial killing power. (Slay +2)
You cannot wear most types of armour.
You are amphibious.
You can wear up to eight rings at the same time.
Your skin changes colour to match your surroundings (Stealth+).
Your rubbery body absorbs attacks. (AC +1, EV +1)
((You are camouflaged when in or above water. (Stealth+)))
You have tentacles for arms and can constrict up to eight enemies at once.


   Skills:
 + Level 2.1 Fighting
 + Level 2.8 Dodging
 + Level 3.5 Unarmed Combat
 + Level 3.4 Shapeshifting


You had 3 spell levels left.
You didn't know any spells.
Your spell library was empty.

Inventory:

Missiles
 c - 35 stones
Talismans
 b - a beast talisman (active)
Scrolls
 d - a scroll of summoning
 e - a scroll of revelation {unknown}
 f - a scroll of identify {@r1}
 g - a scroll of noise {unknown}
 h - a scroll of fear {unknown}
 i - a scroll of poison {unknown}
 j - a scroll of enchant weapon
Potions
 a - a potion of lignification {!q}

Dungeon Overview and Level Annotations

Branches:
Dungeon (3/15) Zot: 15951

Altars:

#.# #.#
###.####
#.#
#.######.#
#.#
#........#
#.#
##########
#.# #.#
### #.#
#..
#.###.#
#...h.#
#####l#
#.. #.# .#
####.## #
.......
####.##


You could see an iguana.


Message History

Found an escape hatch in the floor.
A kobold comes into view. It is wielding a +0 dagger.
A kobold is nearby!
A kobold is nearby!
A hobgoblin comes into view.
The hobgoblin shouts!
A rat comes into view.
The kobold shouts!
The hobgoblin barely misses you.
You barely miss the hobgoblin. You grab the hobgoblin.
You squeeze the hobgoblin.
You kill the hobgoblin!
You tentacle-slap the kobold. You grab the kobold. You constrict the kobold.
The kobold hits you with a +0 dagger. 😕 HP[-1]
You take 1 damage, and now have 28/29 hp.
You completely miss the kobold. You squeeze the kobold.
You kill the kobold! 😎 HP[+1]
Your hp is fully restored (29).
You bludgeon the rat!
You kill the rat!
No target in view!
No target in view!
You see here a +0 leather armour.
You now have 104 gold pieces (gained 10).
g - a scroll labelled IGIEBU TIQARA
c - 29 stones (gained 7)
h - a scroll labelled VUYCZE PYIZ
Found a stone staircase leading up and a stone staircase leading down.
Key pressed, stopping explore.
A bat comes into view.
A bat is nearby!
You see here a scroll labelled MYNULU JEUXAI.
The bat hits you. 😕 HP[-1]
You take 1 damage, and now have 28/29 hp.
You tentacle-slap the bat. You grab the bat. You squeeze the bat.
You kill the bat!
No target in view!
i - a scroll labelled MYNULU JEUXAI 😎 HP[+1]
Your hp is fully restored (29).
j - a scroll of enchant weapon
Found an escape hatch in the ceiling.
An adder comes into view.
The adder hisses angrily.
The adder bites you.
You are poisoned.
The adder poisons you! 😕 HP[-2]
You take 2 damage, and now have 27/29 hp.
You completely miss the adder. Your grab misses the adder.
Your tentacle-slap misses the adder.
You feel sick. The adder barely misses you. 😕 HP[-1]
You take 1 damage, and now have 26/29 hp.
You tentacle-slap the adder. Your grab misses the adder.
You feel sick. The adder closely misses you. 😕 HP[-1]
You take 1 damage, and now have 25/29 hp.
You bludgeon the adder!
You kill the adder!
You feel sick. 😕 HP[-1]
You take 1 damage, and now have 24/29 hp.
No target in view!
You feel sick.
You feel sick.
You are no longer poisoned.
Key pressed, stopping explore.
You now have 117 gold pieces (gained 13).
Key pressed, stopping explore.
c - 35 stones (gained 6) Key pressed, stopping explore.
An iguana comes into view.
The iguana hisses angrily. 😎 HP[+5]
Your hp is fully restored (29).
The iguana barely misses you.
You tentacle-slap the iguana but do no damage.
You grab the iguana.
You constrict the iguana, but do no damage.
The iguana bites you! 😮 HP[-12]
You take 12 damage, and now have 17/29 hp.
MASSIVE DAMAGE!! (PAUSE)
You tentacle-slap the iguana but do no damage.
You constrict the iguana. The iguana barely misses you.
You tentacle-slap the iguana but do no damage.
You constrict the iguana, but do no damage.
The iguana bites you!
* * * LOW HITPOINT WARNING * * *
😱 HP[-13]
You take 13 damage, and now have 4/29 hp.
MASSIVE DAMAGE!! (PAUSE)
You tentacle-slap the iguana. You constrict the iguana.
The iguana barely misses you.
You completely miss the iguana. You constrict the iguana. The iguana bites you!
You die...

Skill      XL: |  1  2  3 |
---------------+----------+-----
Fighting       | 2 |  2.1
Dodging        | |  2.8
Unarmed Combat | |  3.5
Shapeshifting  | |  3.4

Action                     |  1- 3 |  4- 6 || total
---------------------------+-------+-------++-------
  Melee: Unarmed           |    49 |    20 ||    69
         Tentacles         |     9 |     6 ||    15
         Constrict         |    10 |     7 ||    17
         Punch             |     1 |       ||     1
    Use: Scroll            |     2 |       ||     2
   Stab: Sleeping          |    10 |       ||    10
 Armour: Skin              |     1 |     4 ||     5
  Dodge: Dodged            |    15 |    12 ||    27

Levels and vault maps discovered:
D:1:      lemuel_arrival_broad_hall, layout_basic
D:2:      layout_basic, kennysheep_boxes
D:3:      layout_loops_ring, uniq_jessica

Notes
Turn   | Place    | Note
-------+----------+-------------------------------------------
     0 | D:1      | spiderkeys the Octopode Shapeshifter began the quest for
                  | the Orb.
     0 | D:1      | Reached XP level 1. HP: 13/13 MP: 1/1
     0 | D:1      | magus.rc [v1.11.6]
   226 | D:1      | Reached XP level 2. HP: 18/18 MP: 2/2
   848 | D:2      | Reached XP level 3. HP: 18/24 MP: 3/3
  1206 | D:2      | Found the +1 Delatra's gloves {ID++}
  1622 | D:3      | Noticed Jessica
  1628 | D:3      | Killed Jessica
  1629 | D:3      | Reached skill level 2 in Fighting
  1629 | D:3      | Reached XP level 4. HP: 17/29 MP: 4/4
  2050 | D:3      | HP: 4/29 [iguana (14)]
  2052 | D:3      | Mangled by an iguana

Vanquished Creatures
  Jessica (D:3)
  2 adders
  4 endoplasms
  A giant cockroach (D:2)
  5 goblins
  3 hobgoblins
  2 jackals (D:1)
  4 kobolds
  2 quokkas
  4 ball pythons
  5 bats
  3 frilled lizards
  5 rats
41 creatures vanquished.

Table legend:
 A = Non-vault XP
 B = Vault XP
 C = Vault XP percentage of total XP
 D = Non-vault monster count
 E = Vault monster count
 F = Vault count percentage of total count
                 A         B        C        D         E       F
            +---------+---------+-------+---------+---------+-------
      Total |      87 |      37 |  29.8 |      40 |       1 |   2.4
            +---------+---------+-------+---------+---------+-------
        D:1 |      27 |       0 |   0.0 |      17 |       0 |   0.0
        D:2 |      35 |       0 |   0.0 |      14 |       0 |   0.0
        D:3 |      25 |      37 |  59.7 |       9 |       1 |  10.0
            +---------+---------+-------+---------+---------+-------

Skill      XL: |  1  2  3 |
---------------+----------+-----
Fighting       | 2 |  2.1
Dodging        | |  2.8
Unarmed Combat | |  3.5
Shapeshifting  | |  3.4

Action                     |  1- 3 |  4- 6 || total
---------------------------+-------+-------++-------
  Melee: Unarmed           |    49 |    20 ||    69
         Tentacles         |     9 |     6 ||    15
         Constrict         |    10 |     7 ||    17
         Punch             |     1 |       ||     1
    Use: Scroll            |     2 |       ||     2
   Stab: Sleeping          |    10 |       ||    10
 Armour: Skin              |     1 |     4 ||     5
  Dodge: Dodged            |    15 |    12 ||    27

Illustrated notes

Table legend:
 A = Kills in this place as a percentage of kills in the entire game.
 B = Kills by you in this place as a percentage of kills by you in the entire game.
 C = Kills by friends in this place as a percentage of kills by friends in the entire game.
 D = Other kills in this place as a percentage of other kills in the entire game.
 E = Experience gained in this place as a percentage of experience gained in the entire game.
 F = Experience gained in this place divided by the number of levels of this place that you have seen.
                   A       B       C       D       E      F
               +-------+-------+-------+-------+-------+----------------------
         Total | 100.0 | 100.0 |   N/A |   N/A | 100.0 |  41.3
       Dungeon | 100.0 | 100.0 |   N/A |   N/A | 100.0 |  41.3
               +-------+-------+-------+-------+-------+----------------------

Table legend: (Time is in decaauts)
 A = Elapsed time spent in this place.
 B = Non-inter-level travel time spent in this place.
 C = Inter-level travel time spent in this place.
 D = Time resting spent in this place.
 E = Time spent auto-exploring this place.
 F = Levels seen in this place.
 G = Mean time per level.
                   A        B        C        D        E       F      G
               +--------+--------+--------+--------+--------+-----+--------+
         Total |   2047 |   1950 |     97 |      0 |   1692 |   3 |  682.3 |
       Dungeon |   2047 |   1950 |     97 |      0 |   1692 |   3 |  682.3 |
               +--------+--------+--------+--------+--------+-----+--------+

Top non-repeatable levels by time:
     D:2: 836 daAuts
     D:1: 767 daAuts
     D:3: 443 daAuts
